[Event "*** Titled Tuesday Blitz"]
[Site "Chess.com"]
[Date "2020.05.26"]
[Round "1"]
[White "Slovak_fighter2000"]
[Black "miroslavsavic"]
[Result "1-0"]
[WhiteElo "2487"]
[BlackElo "2047"]
[TimeControl "180+1"]
[EndTime "10:08:26 PDT"]
[Termination "Slovak_fighter2000 won on time"]

1. d4 Nf6 2. Nf3 e6 3. Bf4 c5 4. e3 Qb6 5. Nc3 a6 6. Rb1 Nc6 7. Be2 cxd4 8. exd4 Bb4 9. O-O d5 10. a3 Bxc3 11. bxc3 Qd8 12. c4 Ne4 13. Qd3 O-O 14. cxd5 exd5 15. c4 Bf5 16. Rfe1 Ng3 17. Qd1 Nxe2+ 18.
Qxe2 Bxb1 19. Rxb1 Re8 20. Qd3 Na5 21. c5 Qe7 22. h3 Nc4 23. Ne5 Nxe5 24. Bxe5 f6 25.
Bd6 Qe4 26. Qd1 Rad8 27. Rxb7 Qe1+ 28. Qxe1 Rxe1+ 29. Kh2 Rc1 30. Rb6 a5 31. Ra6 a4 32.
Rxa4 Rc4 33. Ra7 Rxd4 34. c6 Rc4 35. Be7 Rc8 36. Rd7 R4xc6 37. Rxd5 Kf7 38. Bb4 Ke6 39. Rd3 Rc2 40. Kg3 Kf5 41. Rd5+ Kg6 42. h4 h5 43. Rd7 Rb2 44. Rd3 Rc4 45. Re3 Rg4+ 46. Kf3 Rxh4 47. g3 Rhxb4 48. axb4 Rxb4 49. Kg2 Kg5 50. Rd3 g6 51. Rd5+ f5 52. Rd8 h4 53.
Rd3 Kh5 54. Re3 g5 55. Rf3 Kg4 56. Re3 h3+ 57. Kh2 Rb2 58. Kg1 h2+ 59. Kg2 1-0

[Event "*** Titled Tuesday Blitz"]
[Site "Chess.com"]
[Date "2020.05.26"]
[Round "1"]
[White "druskacik"]
[Black "ZuchBolt"]
[Result "1/2-1/2"]
[WhiteElo "2569"]
[BlackElo "2239"]
[TimeControl "180+1"]
[EndTime "10:08:29 PDT"]
[Termination "Game drawn by agreement"]

1. e4 e5 2. Nf3 Nc6 3. Nc3 Nf6 4. d4 exd4 5. Nxd4 Bb4 6. Nxc6 bxc6 7. Bd3 O-O 8. O-O d5 9. exd5 cxd5 10. Bg5 c6 11. Qf3 h6 12. Bxf6 Qxf6 13. Qxf6 gxf6 14. Ne2 Re8 15. Nd4 Bd7 16. Nf5 Bxf5 17. Bxf5 Re5 18. Bd3 a5 19. b3 a4 20. g3 Bc3 21. Rad1 axb3 22. axb3 Kf8 23. Kg2 Ke7 24. g4 Kd6 25. h3 h5 26. Kf3 hxg4+ 27. hxg4 Rh8 28. Rh1 Rxh1 29. Rxh1 Re1 30. Rh7 Ke7 31. Bg6 Bd4 32. Rxf7+ Ke6 33. Rf8 Rf1 34. Re8+ Kd6 35. Re2 c5 36.
Bf5 Be5 37. Kg2 Rc1 38. Bd3 Ra1 39. Rd2 Bc3 40. Re2 Re1 41. Rxe1 Bxe1 42. f4 Bd2 43. Kf3 Ke6 44. Bh7 Bc1 45. Bg8+ Kd6 46. Bf7 Bd2 47.
Bg8 Bc1 48. Bh7 Bd2 49. Bd3 Bc1 50. c4 dxc4 51. Bxc4 Bd2 52. Ke4 Bc1 53. Kf5 Ke7 54. g5 fxg5 55. fxg5 Kf8 56. g6 Kg7 57. Bd3 Be3 58.
Ke4 Bg1 59. Kd5 Bf2 60. Bf5 Bg1 61. Ke4 Bf2 62. Kf3 Bg1 63. Ke2 Bd4 64. Ke1 Kf6 65. Kf1 Kg7 66. Ke2 Kf6 67. Kd3 Bg1 68. Kc4 Kg7 69. Bd3 Kf6 70. Kd5 Kg7 71. Kd6 Bf2 72. Ke6 Bg1 73. Kf5 Bf2 74. Ke4 Bg1 75. Kf3 Kf6 76. Kg2 Bd4 77. Kf3 Kg7 78. Ke2 Bg1 79.
Be4 Bd4 80. Kd3 Bg1 81. Kd2 Bf2 82. Ke2 Bg1 83. b4 cxb4 84. Bb1 Bb6 85. Kd3 b3 86. Kc4 b2 87. Kb3 1/2-1/2

[Event "*** Titled Tuesday Blitz"]
[Site "Chess.com"]
[Date "2020.05.26"]
[Round "1"]
[White "Roaccutane"]
[Black "manmanlai1"]
[Result "1-0"]
[WhiteElo "2722"]
[BlackElo "2362"]
[TimeControl "180+1"]
[EndTime "10:08:31 PDT"]
[Termination "Roaccutane won on time"]

1. d4 d5 2. c4 e6 3. Nf3 Nf6 4. Nc3 Bb4 5. Bg5 O-O 6. e3 h6 7. Bh4 c6 8. Bd3 Nbd7 9. O-O dxc4 10. Bxc4 b5 11. Bd3 Bb7 12. Rc1 a6 13. Ne4 Be7 14. Bg3 Qb6 15. Nd6 c5 16. Nxb7 Qxb7 17. dxc5 Nxc5 18. Bb1 Rfd8 19. Qe2 Rac8 20. Be5 Ncd7 21.
Bc3 b4 22. Bd4 Bc5 23. Rfd1 Bxd4 24. Nxd4 Rxc1 25. Rxc1 Rc8 26. Qd1 Rxc1 27. Qxc1 a5 28. Qc6 Qa7 29. Qc8+ Nf8 30. Kf1 g6 31. Ke2 Kg7 32. Bd3 Nd5 33. g3 h5 34. h4 Ne7 35.
Qd8 a4 36. Kd2 a3 37. b3 Nd5 38. Qc8 Qb6 39. Ne2 Nh7 40. e4 Ne7 41. Qe8 Nc6 42. f4 Nf6 43. Qc8 Nd4 44. Qc1 Nf3+ 45. Kc2 Ng4 46. Kb1 Qf2 47. Qc4 Ne3 48. Qc1 1-0

[Event "*** Titled Tuesday Blitz"]
[Site "Chess.com"]
[Date "2020.05.26"]
[Round "1"]
[White "Arjun2002"]
[Black "Falia-p"]
[Result "1-0"]
[WhiteElo "2663"]
[BlackElo "2307"]
[TimeControl "180+1"]
[EndTime "10:08:31 PDT"]
[Termination "Arjun2002 won on time"]

1. e4 c6 2. Nf3 d5 3. Nc3 Bg4 4. h3 Bxf3 5. Qxf3 e6 6. d3 Nd7 7.
Bd2 Qb6 8. O-O-O Bd6 9. g4 Ne7 10. h4 d4 11. Ne2 e5 12. g5 Bb4 13. h5 Bxd2+ 14. Rxd2 Rf8 15. Bh3 O-O-O 16. Qg3 Qa5 17. a3 Kb8 18. Nxd4 Ka8 19. Nb3 Qb5 20. d4 f6 21.
Rhd1 Nb6 22. Bf1 Qa4 23. dxe5 Rxd2 24. Rxd2 Qxe4 25. exf6 gxf6 26. Re2 Qh1 27. Qg2 Qxg2 28. Bxg2 Ned5 29. Bxd5 Nxd5 30. gxf6 Nxf6 31. h6 Ng4 32.
Re6 Nxf2 33. Re7 Rh8 34. Nc5 b6 35. Ne6 Ng4 36. Nd4 Kb8 37. Nxc6+ Kc8 38. Nxa7+ Kd8 39. Nc6+ Kc8 40. Ra7 Re8 41. Rxh7 Re6 42. Rh8+ Kc7 43. h7 Rh6 44. Rg8 Rxh7 45. Rxg4 Kxc6 46. b4 Rh3 47. Kb2 b5 48. Rd4 Rg3 49. Rd3 Rg4 50. Kb3 Rc4 51. a4 Rg4 52. axb5+ Kxb5 53. Rd5+ Kc6 54. Rh5 Rf4 55.
Rh6+ Kb5 56. c3 Rf3 57. Rh5+ Kb6 58. Rd5 Kc6 59. Rd4 1-0

[Event "*** Titled Tuesday Blitz"]
[Site "Chess.com"]
[Date "2020.05.26"]
[Round "1"]
[White "cancrushyou"]
[Black "KNVB"]
[Result "1-0"]
[WhiteElo "2418"]
[BlackElo "2774"]
[TimeControl "180+1"]
[EndTime "10:08:32 PDT"]
[Termination "cancrushyou won by checkmate"]

1. d4 Nf6 2. c4 e6 3. g3 c5 4. Nf3 cxd4 5. Nxd4 Qc7 6. Bg2 Qxc4 7. O-O a6 8. Nc3 Nc6 9. Nb3 Qb4 10. e4 Be7 11. Be3 Qd6 12. Qxd6 Bxd6 13. Rfd1 Be7 14. Bb6 O-O 15.
Nd2 d6 16. Nc4 Ne8 17. f4 Bd7 18. Rd2 Rc8 19. Rad1 g6 20. Bf2 f5 21. Nb6 Rd8 22. e5 Kf7 23. exd6 Bf6 24. Nxd7 Rxd7 25. Na4 Rd8 26. Bb6 Rb8 27. d7 Ng7 28. Bc7 Ra8 29. Nb6 Ra7 30. Bxc6 bxc6 31. d8=Q Bxd8 32. Bxd8 Rb7 33. Nc4 Kg8 34. Bg5 h6 35. Bxh6 Rfb8 36. Bxg7 Kxg7 37. b3 g5 38. Rd7+ Kg6 39. Rxb7 Rxb7 40.
fxg5 Kxg5 41. Rd6 Kf6 42. Rxc6 Rd7 43. Rxa6 Rd1+ 44. Kg2 Rc1 45. a4 Rc2+ 46. Kf3 Rc3+ 47. Ne3 Rxb3 48. h4 Kf7 49. a5 Ra3 50. Ra8 e5 51. a6 Kg6 52. a7 Kh7 53. g4 f4 54.
Kf2 fxe3+ 55. Ke2 e4 56. g5 Kg7 57. h5 Kh7 58. h6 Ra2+ 59. Kxe3 Ra3+ 60. Kxe4 Ra4+ 61.
Kd3 Ra3+ 62. Kc2 Ra2+ 63. Kb1 Ra6 64. g6+ Kxh6 65. Rh8+ Kg7 66. a8=Q Rb6+ 67. Kc1 Rf6 68. Qg8# 1-0

[Event "*** Titled Tuesday Blitz"]
[Site "Chess.com"]
[Date "2020.05.26"]
[Round "1"]
[White "zurzan"]
[Black "Malysch"]
[Result "0-1"]
[WhiteElo "1927"]
[BlackElo "2470"]
[TimeControl "180+1"]
[EndTime "10:08:32 PDT"]
[Termination "Malysch won on time"]

1. f4 Nf6 2. Nf3 g6 3. g3 Bg7 4. Bg2 O-O 5. O-O c5 6. d3 Nc6 7. c3 Rb8 8. Qe1 b5 9. e4 b4 10. e5 Ne8 11. Bd2 Nc7 12. d4 Ba6 13. Rf2 bxc3 14.
bxc3 cxd4 15. cxd4 d5 16. Nc3 Bc4 17. a3 a6 18. Na4 Nb5 19. Be3 e6 20. h3 Qa5 21.
Qxa5 Nxa5 22. Nc5 Rfc8 23. Nxa6 Ra8 24. Nc5 Bf8 25. a4 Bxc5 26. axb5 Bb4 27. Bf1 Rab8 28. Bxc4 Nxc4 29. Bc1 Rxb5 30. Ng5 h6 31. Nf3 Bc3 32.
Raa2 Rb1 33. Rf1 Rcb8 34. Rc2 R8b3 35. g4 Ba5 36. Nd2 Bxd2 37. Bxd2 Rxf1+ 38. Kxf1 Rxh3 39. Kg2 Rd3 40. Bc1 Rxd4 41. Kf3 Rd3+ 42. Ke2 Rg3 43. f5 Rg2+ 44. Kd1 Rxc2 45. Kxc2 Nxe5 46. fxe6 fxe6 47. Bxh6 Nxg4 48. Bf4 Kf7 49. Kd3 e5 50. Bg3 Ke6 51. Be1 Kf5 52. Bd2 Nf6 53. Bh6 g5 54. Bg7 g4 55. Ke2 d4 56. Bf8 Nd5 57. Bd6 Nf4+ 58. Kf2 e4 59. Bc7 e3+ 60. Kg3 Nd5 61. Ba5 Ke4 62.
Kxg4 d3 63. Kg3 d2 64. Bxd2 exd2 0-1

[Event "*** Titled Tuesday Blitz"]
[Site "Chess.com"]
[Date "2020.05.26"]
[Round "1"]
[White "1g41-0"]
[Black "Jenia84"]
[Result "1-0"]
[WhiteElo "2548"]
[BlackElo "2203"]
[TimeControl "180+1"]
[EndTime "10:08:33 PDT"]
[Termination "1g41-0 won on time"]

1. d4 Nf6 2. c4 e6 3. Nf3 b6 4.
g3 Bb7 5. Bg2 Be7 6. O-O O-O 7. Nc3 Ne4 8. Bd2 Bf6 9. Rc1 Nxc3 10. Bxc3 Be4 11. Qd2 d5 12. Rfd1 Nd7 13. Bf1 Rc8 14.
cxd5 exd5 15. Qf4 c5 16. dxc5 Bxc3 17. Rxc3 bxc5 18. Ng5 Nf6 19. Nxe4 Nxe4 20. Rcd3 Nf6 21. Bg2 d4 22. e3 Qa5 23. exd4 Qxa2 24. dxc5 Rxc5 25.
b4 Rc4 26. Qd6 h6 27. Re1 Rcc8 28. Rde3 Qb2 29. R3e2 Qc3 30. Re7 Rb8 31. b5 Rxb5 32. Bf1 Rb6 33. Qd1 Rb2 34. R1e3 Qd2 35. Qxd2 Rxd2 36. Rxa7 Rd1 37. Kg2 Rdd8 38. Bc4 Rde8 39. Rb3 Rc8 40. Be2 Rc2 41. Bf3 Rd2 42. Rbb7 Nd5 43. Rd7 Ne3+ 44. Kh3 Rxd7 45. Rxd7 Nc4 46. Bd5 Ne5 47. Rc7 g5 48. f4 gxf4 49. gxf4 Ng6 50.
Kg4 Kg7 51. h4 Kf6 52. h5 Ne7 53. Be4 Rg8+ 54. Kf3 Rd8 55. Ra7 Rc8 56. Ra6+ Kg7 57. Kg4 Rc3 58. Ra7 Kf6 59. Ra8 Rc4 60. Kf3 Rc3+ 61.
Kf2 Rc4 62. Ke3 Rc3+ 63. Bd3 Nd5+ 64. Kd4 Rxd3+ 65. Kxd3 Nxf4+ 66. Ke4 Nxh5 67. Ra6+ Kg7 68. Kf5 Ng3+ 69. Kf4 Nh5+ 70. Ke5 1-0

[Event "*** Titled Tuesday Blitz"]
[Site "Chess.com"]
[Date "2020.05.26"]
[Round "1"]
[White "Jumbo"]
[Black "Crazy_girl99"]
[Result "1-0"]
[WhiteElo "2851"]
[BlackElo "2415"]
[TimeControl "180+1"]
[EndTime "10:08:34 PDT"]
[Termination "Jumbo won by resignation"]

1. d4 d5 2. Bf4 Nf6 3. e3 e6 4. Nf3 Bd6 5. Bg3 b6 6. c4 Bb7 7. Nc3 Nbd7 8. Rc1 Qe7 9. cxd5 Nxd5 10. Bd3 O-O 11. O-O Bxg3 12. hxg3 Rac8 13. Qa4 a5 14. Nxd5 Bxd5 15. Bb5 Nb8 16. Ne5 c5 17. Qa3 Qf6 18.
Qc3 h6 19. a3 Bb7 20. Nc4 cxd4 21. Qxd4 Qxd4 22. exd4 Rcd8 23. Rfd1 Bc6 24. a4 Bxb5 25. axb5 Rd5 26. Nxb6 Rxb5 27. Nc4 Rd8 28. Rc2 Nc6 29.
Na3 Rb6 30. Rcd2 Nb4 31. Nc4 Rb5 32. Ra1 Nc6 33. Ra4 Rb4 34. Rxb4 axb4 35. d5 Rxd5 36. Rxd5 exd5 37. Nb6 d4 38. Kf1 Kf8 39. Ke2 Ke7 40.
Kd3 Kd6 41. Kc4 f5 42. Nd5 Na5+ 43. Kxd4 Nb3+ 44. Kc4 Nd2+ 45. Kd4 Ne4 46. f3 Nxg3 47. Ne3 g6 48. Nc4+ Ke6 49. Nd2 f4 50. Kc4 Ke5 51. Kxb4 Nf1 52. Nxf1 Kd4 53. Ka5 Kd3 54. b4 Ke2 55.
Nh2 Kf2 56. Ng4+ Kg3 57. Nxh6 Kxg2 58. Nf7 Kxf3 59. b5 Ke4 60. b6 f3 61. Ng5+ Kf4 62. Nxf3 Kxf3 63. b7 g5 64. b8=Q g4 65. Qb1 g3 66. Qg1 g2 67. Kb4 Kg3 68. Kc3 Kf3 69. Kd3 1-0

[Event "*** Titled Tuesday Blitz"]
[Site "Chess.com"]
[Date "2020.05.26"]
[Round "1"]
[White "DanielDardha2005"]
[Black "Gentle_Emperor"]
[Result "1-0"]
[WhiteElo "2640"]
[BlackElo "2301"]
[TimeControl "180+1"]
[EndTime "10:08:34 PDT"]
[Termination "DanielDardha2005 won by checkmate"]

1. Nf3 d5 2. c4 d4 3. b4 a5 4.
Bb2 axb4 5. Nxd4 c5 6. Nb3 b6 7. e3 Nf6 8. Be2 Bb7 9. O-O e6 10. d4 Qc7 11. a3 bxa3 12. Nxa3 Na6 13. Nb5 Qd7 14. dxc5 Bxc5 15. Qxd7+ Kxd7 16. Rfd1+ Ke7 17. Nxc5 bxc5 18. Be5 Rhd8 19. Bd6+ Ke8 20. Rxa6 Bxa6 21. Nc7+ Kd7 22. Nxa8 Rxa8 23. Bxc5+ Kc7 24. Bd6+ Kc8 25. Bf3 Ra7 26. c5 Ne8 27. Ra1 Nc7 28. g4 Nb5 29.
Be2 Kb7 30. Rb1 Kc6 31. Bf3+ Kd7 32. Be5 f6 33. c6+ Ke7 34. Bb8 Ra8 35. c7 Nxc7 36.
Bxc7 Rc8 37. Bg3 e5 38. Be4 g6 39. h4 Kf7 40. Ra1 Bc4 41. Rc1 Be6 42. Rxc8 Bxc8 43. g5 Be6 44. gxf6 Kxf6 45. Kf1 h6 46. Ke2 Bc4+ 47.
Kd2 g5 48. hxg5+ hxg5 49. Kc3 Be6 50. Kb4 Bf7 51. Kc5 Be6 52. Kd6 Bh3 53. Bxe5+ Kf7 54. Bg3 Bg4 55. Bd5+ Kf6 56. e4 Kg6 57. e5 Bf5 58. e6 Kf6 59. e7 Bg6 60. Bc6 Kf5 61.
e8=Q Bxe8 62. Bxe8 Kg4 63. Ke6 Kf3 64. Kf5 g4 65.
Bh5 Ke2 66. Bxg4+ Kf1 67. Ke4 Kg1 68. f4 Kg2 69. f5 Kxg3 70. f6 Kh4 71. f7 Kg3 72.
f8=Q Kh4 73. Qg7 Kg3 74. Bf3+ Kh2 75. Qg2# 1-0

[Event "*** Titled Tuesday Blitz"]
[Site "Chess.com"]
[Date "2020.05.26"]
[Round "1"]
[White "LiamVrolijk"]
[Black "WhiteCapital80"]
[Result "1-0"]
[WhiteElo "2785"]
[BlackElo "2401"]
[TimeControl "180+1"]
[EndTime "10:08:36 PDT"]
[Termination "LiamVrolijk won by checkmate"]

1. d4 e6 2. Nf3 Nf6 3. c4 d5 4. g3 Be7 5. Bg2 O-O 6. Nc3 dxc4 7. Ne5 Nc6 8. Bxc6 bxc6 9. Nxc6 Qe8 10. Nxe7+ Qxe7 11. Qa4 c5 12. dxc5 Qxc5 13. Be3 Qf5 14. f3 Nd5 15. Nxd5 exd5 16. Rd1 Qe5 17. Bd4 Qe7 18.
Kf2 Re8 19. Rde1 Bf5 20. h4 h5 21. Qa5 Qb7 22. Qc3 f6 23. Rd1 Re7 24. Rd2 Rae8 25.
Bc5 Re6 26. Qd4 Kh7 27. Re1 Bd3 28. Bxa7 Re5 29. Bc5 Qd7 30. Rxd3 cxd3 31. Qxd3+ Kh8 32. Bd4 R5e7 33. Kg2 Qa4 34. a3 Rc8 35. Bc3 Qc4 36. Qd2 d4 37. Bxd4 Qb3 38. Bc3 Rce8 39. Kf2 Qb7 40.
Qd3 Qc8 41. Kg2 Re6 42. Qb5 Kg8 43. a4 Rd8 44. Qxh5 Qc4 45. Qb5 Qxb5 46. axb5 Rb8 47. g4 Rxb5 48. h5 g6 49. hxg6 Kg7 50. Kf2 Kxg6 51. Rd1 Rbb6 52. Rd5 Red6 53. Rf5 Rb3 54. e4 Rc6 55. Kg3 Rcb6 56. Rd5 R3b5 57. Rd3 Rb3 58. Kf4 R3b5 59. Rd1 Rb3 60. Rd8 Rc6 61. Rg8+ Kf7 62. Rd8 Kg6 63. Rd2 Rb5 64. Rg2 Rbc5 65. Ke3 Rc4 66.
Rd2 R4c5 67. Rd4 Rb5 68. Rd7 Re6 69. f4 Rc6 70. f5+ Kg5 71. Rg7+ Kh4 72. Kf4 Rc4 73. Rh7# 1-0

[Event "*** Titled Tuesday Blitz"]
[Site "Chess.com"]
[Date "2020.05.26"]
[Round "1"]
[White "Escanor89"]
[Black "AGW2016"]
[Result "1-0"]
[WhiteElo "2557"]
[BlackElo "2206"]
[TimeControl "180+1"]
[EndTime "10:08:37 PDT"]
[Termination "Escanor89 won by checkmate"]

1. c4 g6 2. Nc3 Bg7 3. e4 d6 4. d4 Nf6 5. Nf3 O-O 6. Be2 e5 7. O-O Nc6 8. d5 Ne7 9. Ne1 Nd7 10. Be3 f5 11. f3 f4 12. Bf2 g5 13. Nd3 Nf6 14. c5 Ng6 15. Rc1 Rf7 16. cxd6 cxd6 17.
Nb5 g4 18. Kh1 g3 19. Bxa7 Bd7 20. Nxd6 Rxa7 21. Nxf7 Kxf7 22. h3 Bxh3 23. gxh3 Qd7 24. Nf2 gxf2 25. Rxf2 Qxh3+ 26. Rh2 Qd7 27. d6 b6 28.
Qb3+ Kf8 29. Qxb6 Ne8 30. Bb5 Rb7 31. Qxb7 Qxb7 32. d7 Qxb5 33. d8=Q Bf6 34. Qd2 Kg7 35. b3 Nh4 36. Rg1+ Kh8 37. Qd5 Qxd5 38. exd5 Nxf3 39. Rc1 Nxh2 40. Rc8 Kg7 41. Rxe8 Ng4 42. d6 e4 43.
d7 e3 44. Kg2 Ne5 45. Rxe5 Kf7 46. Re4 Bd8 47. Kf3 h6 48. Rxf4+ Ke7 49. Rd4 Bb6 50. Rd3 Kd8 51. a4 Ba7 52. b4 Bb8 53. a5 Bc7 54. a6 Bb6 55. b5 Ba7 56. Ke2 Bb6 57.
Rd6 Ba7 58. b6 Bb8 59. Rxh6 Kxd7 60. Rh8 Be5 61. a7 Bxh8 62. a8=Q Be5 63. b7 Kc7 64. b8=Q+ Kd7 65. Qbb7+ Ke6 66. Qaa6+ Kf5 67. Qbb5 Ke4 68.
Qxe5+ Kxe5 69. Kxe3 Kf5 70. Qb5+ Kg4 71. Qe5 Kh4 72. Qf6+ Kg4 73. Qf4+ Kh5 74. Qg3 Kh6 75. Kf4 Kh7 76. Kf5 Kh8 77. Kf6 Kh7 78. Qg7# 1-0

[Event "*** Titled Tuesday Blitz"]
[Site "Chess.com"]
[Date "2020.05.26"]
[Round "1"]
[White "IriBu"]
[Black "leclash"]
[Result "1/2-1/2"]
[WhiteElo "2570"]
[BlackElo "2241"]
[TimeControl "180+1"]
[EndTime "10:08:40 PDT"]
[Termination "Game drawn by repetition"]

1. e4 e5 2. Nf3 Nc6 3. Bb5 d6 4. d4 Bd7 5. Bxc6 Bxc6 6. Nc3 Nf6 7. Qe2 exd4 8. Nxd4 Bd7 9. Bg5 Be7 10. O-O-O O-O 11.
h4 Qb8 12. f3 b5 13. Bxf6 Bxf6 14. Nd5 Bd8 15. g4 a5 16. g5 b4 17. Rhg1 a4 18.
Nf6+ gxf6 19. gxf6+ Kh8 20. Qe3 Bxf6 21. Qh6 Qd8 22. Ne2 Qe7 23. Rd5 Be5 24. f4 Qf6 25. Qh5 Bxb2+ 26. Kd1 Rg8 27. Rdg5 Rg6 28. f5 Rxg5 29.
hxg5 Qe5 30. Rh1 Bxf5 31. exf5 Qd5+ 32. Ke1 Qxf5 33. Rf1 Qg6 34. Qf3 Re8 35. Qxf7 Bc3+ 36. Kd1 Qxf7 37. Rxf7 Kg8 38. Rxc7 Re5 39. Nxc3 bxc3 40.
Rxc3 Rxg5 41. Rd3 d5 42. Rd4 h5 43. Rxa4 Kg7 44. Rh4 Kg6 45. a4 d4 46. Kd2 Ra5 47. Rxd4 Kg5 48. Kc3 h4 49. Kb4 Ra8 50. Rd5+ Kg4 51.
Rd7 h3 52. Rh7 Rb8+ 53. Kc5 Rc8+ 54. Kb6 Rxc2 55. a5 Rb2+ 56. Kc7 Ra2 57. Kb6 Kg3 58. a6 h2 59. a7 Rxa7 60. Kxa7 Kg2 61. Rg7+ Kf2 62.
Rh7 Kg2 63. Rg7+ Kf2 64. Rh7 Kg2 1/2-1/2

[Event "*** Titled Tuesday Blitz"]
[Site "Chess.com"]
[Date "2020.05.26"]
[Round "1"]
[White "RitvarsReimanis"]
[Black "gmelviro"]
[Result "1-0"]
[WhiteElo "2496"]
[BlackElo "2079"]
[TimeControl "180+1"]
[EndTime "10:08:40 PDT"]
[Termination "RitvarsReimanis won on time"]

1. d4 Nf6 2. c4 g6 3. Nc3 Bg7 4. e4 d6 5. Be2 O-O 6. Nf3 e5 7. O-O Na6 8. d5 Nc5 9. Qc2 a5 10. Bg5 h6 11. Bh4 g5 12. Bg3 Nh7 13. Bd3 h5 14. h3 g4 15. hxg4 hxg4 16. Nh4 Bf6 17. Nf5 Bxf5 18. exf5 Bh4 19. f6 Nxd3 20. Bxh4 Nf4 21.
Ne2 Ng6 22. Bg3 Qxf6 23. f3 Qg5 24. f4 exf4 25. Nxf4 Rae8 26. Qc3 Ne5 27. b3 Nf6 28. Rae1 Nh5 29. Re4 Nxg3 30. Qxg3 Ng6 31. Rd4 Nxf4 32. Rdxf4 f5 33. Qf2 Re5 34. Qa7 g3 35. Qd4 Rf7 36. Rh4 Rh7 37. Rxh7 Kxh7 38. Qf4 Qh5 39. Qxg3 Re7 40. Qf3 Qxf3 41. Rxf3 Kg6 42. Kf2 Re4 43. Rg3+ Kf6 44. Rh3 Rf4+ 45. Ke3 Re4+ 46. Kd3 Rg4 47. g3 f4 48. gxf4 Rxf4 49. Rh7 Rf3+ 50. Kd4 Rf2 51. Rxc7 Rxa2 52. Rxb7 a4 53. bxa4 Rxa4 54.
Rd7 Ra6 55. Kc3 Ke5 56. Re7+ Kf6 57. Re6+ Kf5 58. Kb4 Rb6+ 59. Ka5 Rb1 60. Rxd6 Ke5 61.
Re6+ Kd4 62. Rc6 Ra1+ 63. Kb6 Rb1+ 64. Kc7 Rh1 65. d6 Rh7+ 66. d7 1-0

[Event "*** Titled Tuesday Blitz"]
[Site "Chess.com"]
[Date "2020.05.26"]
[Round "1"]
[White "Shota_Azaladze"]
[Black "Gogolev_Artemy"]
[Result "0-1"]
[WhiteElo "2838"]
[BlackElo "2432"]
[TimeControl "180+1"]
[EndTime "10:08:42 PDT"]
[Termination "Gogolev_Artemy won by resignation"]

1. Nf3 Nf6 2. g3 g6 3. b3 Bg7 4. Bb2 O-O 5. Bg2 b6 6. O-O Bb7 7. c4 c5 8. Nc3 d5 9. Nxd5 Nxd5 10. Bxg7 Kxg7 11. cxd5 Qxd5 12. Qc2 Nc6 13. Nh4 Qd6 14. Qb2+ Kg8 15. d3 Rac8 16. Rac1 Rfd8 17. a3 Na5 18. b4 Bxg2 19. Nxg2 cxb4 20. axb4 Nc6 21. b5 Nd4 22. Ne3 Qe5 23. Rxc8 Rxc8 24. Rb1 Rc5 25. Nc4 Nxe2+ 26.
Kf1 Qxb2 27. Rxb2 Nd4 28. Ra2 Nxb5 29. Ra6 e5 30. Ke2 h5 31. Ke3 Kg7 32. h4 f5 33. f3 Kf6 34. f4 e4 35. Ne5 Rc3 36. Kd2 exd3 37. Nxd3 Ra3 38. Rxa3 Nxa3 39. Kc3 Nb5+ 40.
Kc4 Nd6+ 41. Kd5 Ne4 42. Ne5 Nxg3 43. Nc6 Ne2 44. Nxa7 Nxf4+ 45. Kd4 Ng2 46. Nc8 b5 47.
Nd6 b4 48. Kc4 Nxh4 49. Kxb4 Nf3 50. Kc4 g5 51. Kd3 g4 52. Ke3 h4 53. Kf4 Nd4 54. Ke3 Ne6 55. Nc4 Kg5 56. Kf2 h3 57. Ne5 f4 58.
Nd3 g3+ 59. Kf3 Nd4+ 60. Ke4 h2 61. Kxd4 h1=Q 62. Ne5 Qd1+ 63. Kc4 Qe2+ 64. Kd5 Qxe5+ 65. Kxe5 g2 66. Ke4 g1=Q 0-1

[Event "*** Titled Tuesday Blitz"]
[Site "Chess.com"]
[Date "2020.05.26"]
[Round "1"]
[White "TenisMaster"]
[Black "MateSchmate"]
[Result "1-0"]
[WhiteElo "2830"]
[BlackElo "2410"]
[TimeControl "180+1"]
[EndTime "10:08:43 PDT"]
[Termination "TenisMaster won by checkmate"]

1. e4 e6 2. d4 d5 3. Nc3 Bb4 4. e5 c5 5. a3 Bxc3+ 6. bxc3 Qc7 7. h4 Nc6 8. Qg4 f5 9. Qh5+ g6 10. Qd1 cxd4 11. cxd4 Bd7 12. Nf3 h6 13. Bf4 Rc8 14. Qd2 Na5 15. Bd3 Nc4 16. Qb4 a5 17. Qb3 a4 18.
Qb4 Qa5 19. Qxa5 Nxa5 20. Ke2 Nc4 21. Rhb1 b5 22. Nd2 Ne7 23. Nf3 Kf7 24. Bd2 Rb8 25.
g3 Kg7 26. Bb4 Nc6 27. Bc5 Rb7 28. Rg1 Nb2 29. Rab1 Nxd3 30. Kxd3 Na5 31. Bb4 Nc4 32. c3 Kf7 33. Kc2 Rg8 34. Nd2 Nxd2 35. Kxd2 Rbb8 36. Rh1 Rh8 37. Ke3 g5 38. Rh2 g4 39. h5 Rbc8 40. Rf1 Rhg8 41. Kd2 Rg5 42. Rh4 Rc7 43. Kc2 Be8 44. Rfh1 Kg8 45. Kd2 Rf7 46.
Ba5 f4 47. Bd8 fxg3 48. fxg3 Rf2+ 49. Kc1 Rf3 50. Bxg5 hxg5 51. Rxg4 Rxc3+ 52. Kb2 Rb3+ 53. Ka2 Kh7 54. Rxg5 Rd3 55. Rg4 b4 56. axb4 Bb5 57.
h6 Bc4+ 58. Ka1 Ra3+ 59. Kb2 Rb3+ 60. Kc1 Rc3+ 61. Kd2 Rd3+ 62. Kc2 a3 63. Rg7+ Kh8 64. Ra7 Rxd4 65. h7 Bd3+ 66. Kc3 Rc4+ 67. Kxd3 Rc8 68.
Rxa3 d4 69. Rd1 Kxh7 70. Ra7+ Kg6 71. Rf1 Rc3+ 72. Kxd4 Rxg3 73. Rf6+ Kh5 74. Rh7+ Kg4 75. Rg7+ Kh4 76. Rxg3 Kh5 77. Rg1 Kh4 78. Rh6# 1-0

[Event "*** Titled Tuesday Blitz"]
[Site "Chess.com"]
[Date "2020.05.26"]
[Round "1"]
[White "Alexandercs432"]
[Black "Thee-Chessboy"]
[Result "0-1"]
[WhiteElo "2109"]
[BlackElo "2505"]
[TimeControl "180+1"]
[EndTime "10:08:44 PDT"]
[Termination "Thee-Chessboy won by resignation"]

1. e4 c5 2. Nf3 d6 3. Bb5+ Bd7 4. Bxd7+ Qxd7 5. O-O Nc6 6. c3 Nf6 7. Re1 e6 8. d4 cxd4 9. cxd4 d5 10. e5 Ne4 11. Nbd2 Nxd2 12. Bxd2 Be7 13. Rc1 O-O 14.
a3 Rac8 15. Rc3 Rc7 16. Qe2 Rfc8 17. Rec1 f6 18. exf6 Bxf6 19. Be3 Na5 20. Rxc7 Rxc7 21. Rxc7 Qxc7 22. h3 Nc4 23. Qc2 Qb6 24. b3 Nxa3 25. Qc8+ Kf7 26. Ne5+ Bxe5 27. dxe5 Qc6 28. Qh8 h6 29.
Qh7 Qc2 30. Qh8 Nb5 31. Bxh6 gxh6 32. Qf6+ Kg8 33. Qxe6+ Kf8 34. Qxh6+ Kg8 35. Qe6+ Kf8 36. Qh6+ Ke8 37. Qh8+ Kd7 38. Qg7+ Kc6 39. e6 Qc1+ 40. Kh2 Qf4+ 41. Kg1 Qe4 42. Qd7+ Kb6 43. e7 Qe1+ 44. Kh2 Qe5+ 45. Kg1 Nd6 46. Qxd6+ Qxd6 47. e8=Q d4 48. Qe2 d3 49. Qd2 a5 50. h4 Ka6 51. g4 b5 52. h5 Qd4 53. Qh6+ Kb7 54. Qh7+ Kc6 55.
Qg6+ Kc5 56. Qf5+ Kb4 57. Qf8+ Kc3 58. Qf3 Kb2 59. h6 d2 60. Qd1 Qd3 61. Kg2 Qc2 62.
Qf3 d1=Q 63. Qf6+ Qc3 64. Qxc3+ Kxc3 65. g5 Qg4+ 66. Kf1 Qxg5 67. h7 Qh6 68. h8=Q+ Qxh8 69. Ke2 Kxb3 70. Kf1 a4 0-1

[Event "*** Titled Tuesday Blitz"]
[Site "Chess.com"]
[Date "2020.05.26"]
[Round "1"]
[White "GM_dmitrij"]
[Black "CyberneticLion"]
[Result "1-0"]
[WhiteElo "2929"]
[BlackElo "2439"]
[TimeControl "180+1"]
[EndTime "10:08:46 PDT"]
[Termination "GM_dmitrij won on time"]

1. e4 e5 2. Nf3 Nc6 3. Bc4 Bc5 4. c3 Nf6 5. d3 O-O 6. O-O d5 7. exd5 Nxd5 8. a4 a6 9. Nbd2 Bg4 10. Re1 Re8 11.
b4 Bf8 12. Qb3 Be6 13. a5 Nf4 14. Ne4 Qxd3 15. Bxe6 Nxe6 16. Bd2 Rad8 17. Rad1 Ned4 18. Nxd4 Nxd4 19. Qa2 Ne2+ 20. Rxe2 Qxe2 21. Re1 Qh5 22. h3 c6 23. Bg5 Be7 24. Be3 Qg6 25. Bb6 Rd7 26.
Qc4 Qe6 27. Qxe6 fxe6 28. Kf1 Bd8 29. Nc5 Rd5 30. Re3 Bxb6 31. axb6 Kf7 32. Ke2 Ke7 33. Rg3 g6 34. Re3 Rb8 35. h4 Kd6 36. Ne4+ Ke7 37. h5 a5 38. bxa5 Rxa5 39. Rh3 g5 40. h6 Rb5 41.
Nxg5 Rh8 42. Rf3 Rxb6 43. Rf7+ Kd6 44. Nxh7 Rb2+ 45. Ke3 b5 46. g4 Rb3 47. Kd2 e4 48. g5 b4 49. cxb4 Ra8 50. Ke2 Ra2+ 51. Kf1 Rh3 52.
Nf6 e3 53. Ne4+ Ke5 54. g6 exf2 55. Nxf2 Rxh6 56. g7 Rg6 57. Ke1 Rxf2 58. Kxf2 Kd4 59. Rc7 Kc4 60. Rxc6+ Kxb4 61. Rc7 e5 62. Kf3 Kb5 63. Ke4 Kb6 64. Rf7 Rg5 65. Kd5 Kb5 66. Rb7+ Ka6 67. Rf7 Kb6 68. Ke6 e4 69. Kf6 Rg3 70. Re7 e3 71. Rxe3 1-0

[Event "*** Titled Tuesday Blitz"]
[Site "Chess.com"]
[Date "2020.05.26"]
[Round "1"]
[White "mjray79"]
[Black "CHESSMASTER759"]
[Result "0-1"]
[WhiteElo "2302"]
[BlackElo "2644"]
[TimeControl "180+1"]
[EndTime "10:08:50 PDT"]
[Termination "CHESSMASTER759 won by checkmate"]

1. d4 Nf6 2. c4 g6 3. Nc3 Bg7 4. e4 O-O 5. Nge2 d6 6. Ng3 c5 7. d5 e6 8. Be2 exd5 9. exd5 h5 10. Bg5 Qb6 11. Qd2 Nh7 12. Be3 h4 13. Nge4 f5 14.
Ng5 Nxg5 15. Bxg5 Nd7 16. Bxh4 Ne5 17. O-O f4 18. f3 Bf5 19. Ne4 Bxe4 20. fxe4 Bh6 21.
Qc2 g5 22. Be1 g4 23. Bc3 g3 24. h3 Rae8 25. Bf3 Nxc4 26. e5 dxe5 27. d6 Nxd6 28. Qg6+ Bg7 29. Bd5+ Nf7 30. Qg4 Qf6 31. Bxb7 Nh6 32.
Bd5+ Kh8 33. Qh5 Qf5 34. Qe2 e4 35. Bxg7+ Kxg7 36. Rad1 Re7 37. Qc2 Nf7 38. Qxc5 Re5 39. Qc3 Kh6 40. Bxf7 Rxf7 41. Rd6+ Kh7 42. Qc6 f3 43.
gxf3 Qxh3 44. Qc2 g2 45. Re1 Qh1+ 46. Kf2 Rxf3+ 47. Ke2 Qxe1+ 48. Kxe1 g1=Q+ 49. Kd2 Qg2+ 50. Kc1 Rf1+ 51. Rd1 Rxd1+ 52. Qxd1 Qg5+ 53. Kb1 e3 54. Qd7+ Qg7 55. Qh3+ Kg6 56. Qg4+ Kf6 57. Qf4+ Ke6 58. Qc4+ Rd5 59. Qc6+ Ke5 60. Qc3+ Rd4 61. Qxe3+ Kd5 62. Qf3+ Kd6 63. Qa3+ Ke6 64. Qa5 Qg1+ 65. Kc2 Qf2+ 66.
Kb3 Qe3+ 67. Kc2 Qd3+ 68. Kc1 Qd1# 0-1